 Dungeon Crawl Stone Soup version 0.20-a0-760-g49f5558 (webtiles) character file.

22793 polly the Severer (level 12, -13/112 HPs)
             Began as a Minotaur Berserker on Feb 25, 2017.
             Was the Champion of Trog.
             Mangled by Sonja
             ... wielding a +2 short sword of distortion
              (23 damage)
             ... on level 12 of the Dungeon.
             The game lasted 00:23:40 (13935 turns).

polly the Severer (Minotaur Berserker)             Turns: 13935, Time: 00:23:40

Health: -13/112    AC: 20    Str: 26    XL:     12   Next: 66%
Magic:  3/3        EV: 13    Int:  4    God:    Trog [******]
Gold:   683        SH:  0    Dex: 13    Spells: 11/11 levels left

rFire    . . .     SeeInvis .   N - +4 executioner's axe (antimagic)
rCold    . . .     Gourm    +   H - +3 chain mail
rNeg     . . .     Faith    .   (shield currently unavailable)
rPois    .         Spirit   .   (helmet restricted)
rElec    .         Reflect  .   l - +0 cloak
rCorr    .         Harm     .   r - +0 pair of gloves
MR       .....                  z - +0 pair of boots
Stlth    ..........             B - amulet of the gourmand
Regen    0.3/turn               (no ring)
MPRegen  0.1/turn               u - ring of flight

@: about to teleport
A: retaliatory headbutt, horns 2, agile 1, wild magic 1
a: Berserk, Trog's Hand, Brothers in Arms, Burn Spellbooks, Renounce Religion,
Evoke Flight


You were on level 12 of the Dungeon.
You worshipped Trog.
Trog was exalted by your worship.
You were not hungry.

You visited 1 branch of the dungeon, and saw 12 of its levels.
You visited the Abyss 1 time.

You collected 683 gold pieces.

Inventory:

Hand Weapons
 N - a +4 antimagic executioner's axe (weapon)
Armour
 l - a +0 cloak (worn)
 r - a +0 pair of gloves (worn)
 z - a +0 pair of boots (worn)
 H - a +3 chain mail (worn)
Jewellery
 u - a ring of flight (left hand)
 B - an amulet of the gourmand (around neck)
Wands
 a - a wand of iceblast (9/15)
 D - a wand of digging (7/24)
 E - a wand of digging (6/24)
 J - a wand of iceblast (7/15)
Scrolls
 b - 3 scrolls of remove curse
 f - a scroll of fog {unknown}
 g - 2 scrolls of enchant weapon {unknown}
 h - 3 scrolls of enchant armour {unknown}
 k - 3 scrolls of recharging {unknown}
 n - 5 scrolls of teleportation
 q - 5 scrolls of magic mapping {unknown}
 s - 5 scrolls of amnesia {unknown}
 t - 5 scrolls of immolation {unknown}
 w - a scroll of noise {unknown}
 y - a scroll of blinking {unknown}
 G - 3 scrolls of fear {unknown}
 L - 2 scrolls of identify
 O - a scroll of vulnerability {unknown}
Potions
 d - a potion of might
 e - 2 potions of heal wounds
 j - 2 potions of cancellation
 m - a potion of mutation
 o - 2 potions of curing
 p - 4 potions of flight
 v - a potion of ambrosia
 x - 2 potions of invisibility
 A - a potion of resistance {unknown}
 F - 4 potions of haste {unknown}
 K - 2 potions of brilliance {unknown}
Miscellaneous
 M - a phantom mirror
Comestibles
 c - 9 bread rations
 i - 9 meat rations
 C - 15 fruits
 I - a royal jelly


   Skills:
 + Level 12.1 Fighting
 + Level 16.3 Axes
 + Level 12.8 Armour
 + Level 7.6 Dodging
 - Level 0.1 Stealth


You had 11 spell levels left.
You didn't know any spells.

Dungeon Overview and Level Annotations

Branches:
Dungeon (12/15)            Temple (0/1) D:7            Lair (0/6) D:8
    Orc (0/2) D:11

Altars:
Ashenzari
Cheibriados
Dithmenos
Elyvilon
Gozag
Hepliaklqana
Makhleb
Nemelex Xobeh
Okawaru
Qazlal
Vehumet
Wu Jian
Xom
Yredelemnul
The Shining One

Shops:
D:7 *   D:8 (   D:9 :

Annotations:
D:12 Sonja


Innate Abilities, Weirdness & Mutations

You reflexively headbutt those who attack you in melee.
You have a pair of horns on your head.
You are agile. (Dex +2)
Your spells are a little harder to cast, but a little more powerful.


Message History

Found a gateway leading deeper into the Abyss.
Found a gateway leading out of the Abyss.
A small abomination comes into view.
There is a gateway leading out of the Abyss here.
You pass through the gate.
Welcome back to the Dungeon!
Level annotation: Sonja Sonja hits you with an uncursed short sword of distortion.
Space warps horribly around you! Sonja hits you but does no damage.
Space warps horribly around you!
* * * LOW HITPOINT WARNING * * *
Sonja hits you but does no damage. Space bends around you.
* * * LOW HITPOINT WARNING * * *
Sonja hits you but does no damage.
You feel strangely unstable. Sonja barely misses you.
Sonja hits you but does no damage. Space warps horribly around you!
* * * LOW HITPOINT WARNING * * *
Sonja twirls her cape.
Sonja hits you but does no damage. Space warps horribly around you!
You die...

#..# #..# #..# #..#
###############..# ..
.................####...
........................
##..###########........#
#..# #.@####..# #.>#
#K.# # #..# #..# #..#
#..# #..# #..# #..# #..#
.... ...# ...#


You could see Sonja.

Vanquished Creatures
  2 frost giants (D:10)
  Snorg (D:9)
  3 two-headed ogres
  Pikel (D:9)
  2 ugly things
  A manticore (D:9)
  A cyclops (D:10)
  3 gargoyles
  A troll (D:10)
  A hornet (D:10)
  3 polar bears (D:10)
  Prince Ribbit (D:8)
  6 slime creatures (D:12)
  6 hippogriffs
  A dream sheep (D:10)
  A vampire (D:9)
  Eustachio (D:4)
  2 basilisks (D:8)
  9 yaks
  A hungry ghost (D:12)
  Grum (D:8)
  4 vampire mosquitoes (D:11)
  A warg (D:11)
  Edmund (D:5)
  3 water moccasins
  Duvessa (D:5)
  4 black bears (D:10)
  9 orc warriors
  4 slaves (D:9)
  A hornet zombie (D:10)
  3 sky beasts
  11 ogres
  6 phantoms
  2 wolves (D:8)
  2 centaurs
  3 big kobolds
  2 bullfrogs
  Dowan (D:5)
  4 scorpions
  18 killer bees
  13 wights
  13 howler monkeys
  3 crimson imps
  A centaur zombie (D:9)
  5 jellies
  A quasit (D:8)
  A gnoll shaman (D:9)
  A bullfrog skeleton (D:11)
  2 bullfrog zombies
  8 hounds
  2 centaur skeletons
  7 orc priests
  24 orc wizards
  Terence (D:3)
  2 iguanas
  13 worker ants
  A hound skeleton (D:5)
  2 worker ant zombies
  A howler monkey zombie (D:8)
  13 gnolls
  20 adders
  5 shadow imps
  3 adder skeletons
  3 worms
  8 leopard geckos
  48 orcs
  2 ball pythons
  5 giant cockroaches
  9 goblins
  10 hobgoblins
  4 jackals
  20 kobolds
  6 quokkas
  8 bats
  6 frilled lizards
  2 jackal skeletons (D:7)
  A leopard gecko zombie (D:7)
  6 rats
  A fungus (D:8)
409 creatures vanquished.

Vanquished Creatures (others)
  An ogre (D:6)
  A centaur (D:6)
  A wight (D:6)
  A frilled lizard (D:3)
4 creatures vanquished.

Grand Total: 413 creatures vanquished

Notes
Turn   | Place    | Note
-------+----------+-------------------------------------------
     0 | D:1      | polly the Minotaur Berserker began the quest for the Orb.
     0 | D:1      | Reached XP level 1. HP: 19/19 MP: 0/0
   295 | D:1      | Reached XP level 2. HP: 27/27 MP: 1/1
   302 | D:1      | Reached skill level 4 in Axes
   623 | D:1      | Reached XP level 3. HP: 10/33 MP: 2/2
  1294 | D:2      | Reached ** piety under Trog
  1358 | D:2      | Reached XP level 4. HP: 40/40 MP: 3/3
  1366 | D:2      | Reached skill level 5 in Axes
  1372 | D:2      | Found an opulent altar of Gozag.
  1612 | D:3      | Reached XP level 5. HP: 20/46 MP: 4/4
  1841 | D:3      | Noticed Terence
  1854 | D:3      | Killed Terence
  2006 | D:3      | Found a white marble altar of Elyvilon.
  2084 | D:3      | Reached XP level 6. HP: 38/55 MP: 5/5
  2118 | D:3      | Reached skill level 5 in Fighting
  2118 | D:3      | Reached skill level 6 in Axes
  2368 | D:3      | Found a hazy altar of Hepliaklqana.
  2513 | D:3      | Noticed a sky beast
  2518 | D:3      | Killed a sky beast
  2526 | D:3      | Gained mutation: You are agile. (Dex +2) [mutagenic meat]
  2527 | D:3      | Gained mutation: Your spells are a little harder to cast, but a little more powerful. [mutagenic meat]
  2672 | D:4      | Reached *** piety under Trog
  2676 | D:4      | Reached XP level 7. HP: 32/61 MP: 6/6
  2733 | D:4      | Reached skill level 7 in Axes
  3032 | D:4      | Noticed Eustachio
  3049 | D:4      | Killed Eustachio
  3049 | D:4      | Reached skill level 5 in Armour
  3132 | D:5      | Entered Level 5 of the Dungeon
  3171 | D:5      | Reached skill level 8 in Axes
  3174 | D:5      | Reached XP level 8. HP: 68/70 MP: 7/7
  3179 | D:5      | Noticed Edmund
  3196 | D:5      | Killed Edmund
  3201 | D:5      | Noticed Duvessa
  3228 | D:5      | Noticed Dowan
  3232 | D:5      | Killed Duvessa
  3232 | D:5      | Reached skill level 5 in Dodging
  3240 | D:5      | Killed Dowan
  3545 | D:5      | Reached skill level 9 in Axes
  3655 | D:5      | Found a radiant altar of Vehumet.
  4106 | D:6      | Found a shimmering altar of Xom.
  4288 | D:6      | Found a sparkling altar of Nemelex Xobeh.
  4465 | D:6      | Reached **** piety under Trog
  4771 | D:6      | Reached skill level 10 in Axes
  5082 | D:7      | Found a staircase to the Ecumenical Temple.
  5091 | D:7      | Reached XP level 9. HP: 58/78 MP: 8/8
  5269 | D:7      | Found a snail-covered altar of Cheibriados.
  5341 | D:7      | Found Voffi's General Store.
  5432 | D:7      | Found a white marble altar of Elyvilon.
  5433 | D:7      | Identified the Tome of Attacks and the Rocks
  5436 | D:7      | Found a burning altar of Makhleb.
  5491 | D:7      | Found a shimmering altar of Xom.
  5493 | D:7      | Found a glowing golden altar of the Shining One.
  5495 | D:7      | Found an ornate altar of the Wu Jian Council.
  6096 | D:7      | Reached skill level 11 in Axes
  6268 | D:8      | Found a staircase to the Lair.
  6592 | D:8      | Reached skill level 12 in Axes
  6661 | D:8      | Found a shattered altar of Ashenzari.
  6668 | D:8      | Reached XP level 10. HP: 88/88 MP: 9/9
  6675 | D:8      | Noticed Prince Ribbit
  6690 | D:8      | Killed Prince Ribbit
  6769 | D:8      | Noticed Grum
  6778 | D:8      | Killed Grum
  7038 | D:8      | Found Hywewoed's Weapon Boutique.
  7255 | D:9      | Noticed Pikel
  7281 | D:9      | Killed Pikel
  7379 | D:9      | Reached skill level 13 in Axes
  7386 | D:9      | Reached ***** piety under Trog
  7653 | D:9      | Found an iron altar of Okawaru.
  7827 | D:9      | Noticed a two-headed ogre
  7833 | D:9      | Killed a two-headed ogre
  7833 | D:9      | Reached skill level 10 in Armour
  8112 | D:9      | Found Mogiss's Book Emporium.
  8122 | D:9      | Noticed a manticore
  8137 | D:9      | Killed a manticore
  8137 | D:9      | Reached XP level 11. HP: 60/97 MP: 10/10
  8177 | D:9      | Found a basalt altar of Yredelemnul.
  8178 | D:9      | Noticed a two-headed ogre
  8187 | D:9      | Killed a two-headed ogre
  8765 | D:10     | Entered Level 10 of the Dungeon
  8997 | D:10     | Found a huge runed gate.
  8997 | D:10     | Found a huge runed gate.
  8997 | D:10     | Found a huge runed gate.
  8997 | D:10     | Found a huge runed gate.
  9090 | D:10     | Found a stormy altar of Qazlal.
  9090 | D:10     | Found a shadowy altar of Dithmenos.
  9090 | D:10     | Noticed a frost giant
  9099 | D:10     | Noticed a red ugly thing
  9101 | D:10     | Reached skill level 10 in Fighting
  9103 | D:10     | Noticed a frost giant
  9145 | D:9      | Killed a red ugly thing
  9704 | D:10     | Noticed Snorg
  9726 | D:9      | Killed Snorg
  9726 | D:9      | Reached skill level 14 in Axes
 10218 | D:10     | Killed a frost giant
 10476 | D:10     | Killed a frost giant
 10946 | D:10     | Received a gift from Trog
 11698 | D:10     | Reached XP level 12. HP: 103/110 MP: 11/11
 11723 | D:10     | Reached skill level 15 in Axes
 11931 | D:11     | Found a staircase to the Orcish Mines.
 12126 | D:11     | Noticed a two-headed ogre
 12128 | D:11     | Killed a two-headed ogre
 12275 | D:11     | Received a gift from Trog
 12559 | D:12     | Noticed Sonja
 13346 | D:12     | Received a gift from Trog
 13346 | D:12     | Reached skill level 16 in Axes
 13613 | D:12     | Reached ****** piety under Trog
 13846 | D:12     | Cast into level 2 of the Abyss (Sonja)
 13935 | D:12     | Escaped the Abyss
 13935 | D:12     | Mangled by Sonja

Vault maps used:
D:1:      arrival_zaba_pyramid
D:2:      grunt_gozag_breadcrumbs, serial_bayou_pond_e
D:3:      overflow_temple_1_default, elyvilon_altar_4, uniq_terence
D:4:      uniq_eustachio
D:5:      fiery_altar_vehumet, first_bread, uniq_duvessa, uniq_edmund
D:6:      lemuel_upstairs_altar, nemelex_xobeh_ov_fountains_minmay,
          xom_confusion_cloud
D:7:      minitemple, minmay_temple_entry_purple_smoke, serial_shops,
          shop_fountains, grunt_ogre_cave, cheibrodos_worm_habitat
D:8:      old_standard_altar, david_lair_generic, serial_shops, shop, uniq_grum,
          uniq_prince_ribbit1
D:9:      okawaru_trees_1, yredelemnul_altar_generic, serial_shops,
          kennysheep_little_box, nicolae_two_hexagons, uniq_pikel
D:10:     lemuel_bear_cage, jmf_multi_god_temple, uniq_snorg
D:11:     erik_orc_3
D:12:     minmay_misc_feat_diagonals, uniq_sonja
Abyss:2:  hangedman_abyss_or_decor_slice

Skill      XL: |  1  2  3  4  5  6  7  8  9 10 11 12 |
---------------+-------------------------------------+-----
Axes           | 4 5 6 8 10 12 13 14 16 | 16.3
Fighting       | 4 5 6 8 9 11 12 | 12.1
Armour         | 3 4 5 6 8 10 12 | 12.8
Dodging        | 3 4 5 6 7 |  7.6
Stealth        | |  0.1

Action                   |  1- 3 |  4- 6 |  7- 9 | 10-12 || total
-------------------------+-------+-------+-------+-------++-------
Melee: Hand axe          |   101 |   115 |   355 |   346 ||   917
       Headbutt          |    12 |    27 |    87 |   152 ||   278
       Battleaxe         |       |       |       |   228 ||   228
       Executioner's axe |       |       |       |    32 ||    32
Invok: Berserk           |       |       |     6 |    14 ||    20
       Burn Spellbooks   |       |       |     1 |     1 ||     2
  Use: Scroll            |       |     2 |       |     8 ||    10
       Potion            |       |       |     1 |     6 ||     7
  Eat: Chunk             |     1 |     5 |    21 |    39 ||    66
       Royal jelly       |       |       |     1 |       ||     1
Armor: Animal skin       |    17 |       |       |       ||    17
       Ring mail         |    16 |    37 |    20 |       ||    73
       Scale mail        |       |       |    81 |       ||    81
       Chain mail        |       |       |    59 |   293 ||   352
Dodge: Dodged            |    74 |    75 |   188 |   418 ||   755
